 Dungeon Crawl Stone Soup version 0.27-a0-1081-ge8a0a9c698 (webtiles) character file.

Game seed: 7215312307552622515

135 jasper the Sneak (level 4, -1/35 HPs)
             Began as a Demonspawn Delver on Apr 25, 2021.
             Was a Follower of Kikubaaqudgha.
             Slain by a kobold brigand
             ... wielding a +0 club
              (7 damage)
             ... on level 7 of the Dungeon.
             The game lasted 00:07:27 (3977 turns).

jasper the Sneak (Demonspawn Delver)                Turns: 3977, Time: 00:07:28

Health: -1/35      AC:  4    Str: 12    XL:     4   Next: 96%
Magic:  4/5        EV: 13    Int: 13    God:    Kikubaaqudgha [*.....]
Gold:   203        SH:  5    Dex: 20    Spells: 3/4 levels left

rFire    . . .     SeeInvis .     - Unarmed
rCold    . . .     Faith    .   (no shield)
rNeg     . . .     Spirit   .   b - +0 leather armour
rPois    .         Reflect  +   (no helmet)
rElec    .         Harm     .   (no cloak)
rCorr    .         Rampage  .   (no gloves)
Will     +....                  o - +0 pair of boots
Stlth    +++.......             f - amulet of reflection
HPRegen  0.11/turn              k - +6 ring of dexterity
MPRegen  0.09/turn              i - ring of willpower

@: no status effects
A: claws 2
a: Renounce Religion, Receive Corpses


You were on level 7 of the Dungeon.
You worshipped Kikubaaqudgha.
Kikubaaqudgha was aware of your devotion.
You visited 1 branch of the dungeon, and saw 7 of its levels.

You collected 203 gold pieces.

Inventory:

Hand Weapons
 a - a +0 falchion
 e - a +0 long sword
Missiles
 h - 2 boomerangs
 l - 71 stones (quivered)
Armour
 b - a +0 leather armour (worn)
 o - a +0 pair of boots (worn)
Jewellery
 f - an amulet of reflection (around neck)
 i - a ring of willpower (right claw)
 k - a +6 ring of dexterity (left claw)
 n - an amulet of guardian spirit
 p - an amulet of the acrobat
Wands
 g - a wand of digging (3)
Scrolls
 c - 2 scrolls of fog
 d - 2 scrolls of magic mapping
 j - a scroll of identify
Potions
 m - a potion of flight


   Skills:
 + Level 3.5 Fighting
 - Level 2.0 Long Blades
 + Level 2.7 Dodging
 - Level 4.5 Stealth
 * Level 2.0 Unarmed Combat
 + Level 0.8 Spellcasting
 + Level 1.9 Necromancy


You had 3 spell levels left.
You knew the following spells:

 Your Spells              Type           Power      Damage    Failure   Level
a - Animate Skeleton      Necr           10%        N/A       16%         1

Your spell library contained the following spells:

 Spells                   Type           Power      Damage    Failure   Level
 Pain                     Necr           20%        1d5       16%         1
 Sublimation of Blood     Necr           2%         N/A       24%         2
 Vampiric Draining        Necr           2%         2d6       43%         3


Dungeon Overview and Level Annotations

Branches:
Dungeon (7/15)
 Temple: D:4-7

Altars:
Hepliaklqana
Kikubaaqudgha
Nemelex Xobeh
Ru
Uskayaw
Xom

Annotations:
D:3 3 runed translucent doors, Splishie's ghost, amateur GnWn


Innate Abilities, Weirdness & Mutations

You have very sharp fingernails.


Message History

The kobold brigand hits you with a +0 club.
You take 1 damage, and have 20/35 hp.
MP restored: 5 You closely miss the kobold brigand.
The kobold brigand is heavily wounded.
The kobold brigand hits you with a +0 club!
You take 7 damage, and have 13/35 hp.
You closely miss the kobold brigand.
The kobold brigand is heavily wounded.
The kobold brigand hits you with a +0 club.
* * * LOW HITPOINT WARNING * * *
You take 3 damage, and have 10/35 hp.
You swap places.
The kobold brigand throws a curare-tipped dart.
The curare-tipped dart hits your kobold skeleton.
Your kobold skeleton closely misses the kobold brigand.
The kobold brigand hits your kobold skeleton with a +0 club!
Your kobold skeleton is destroyed!
Casting: Animate Skeleton (safe; 16% risk of failure)
Confirm with . or Enter, or press ? or * to list all spells.
You attempt to give life to the dead...
Before your eyes, flesh is ripped from the corpse!
The dead are walking!
You now have 4/5 mp.
The kobold brigand closely misses you.
You scratch the kobold brigand.
The kobold brigand is severely wounded.
Your kobold skeleton completely misses the kobold.
The kobold brigand closely misses you.
You scratch the kobold brigand but do no damage.
The kobold brigand is severely wounded.
Your kobold skeleton closely misses the kobold.
The kobold brigand hits you with a +0 club.
* * * LOW HITPOINT WARNING * * *
You take 5 damage, and have 6/35 hp.
You miss the kobold brigand.
The kobold brigand is severely wounded.
The kobold brigand hits you with a +0 club!
You die...
Kikubaaqudgha rasps: "You have failed me!
Welcome... death!"

#... ........# #.....#
##.####......###...###
#.# #...........####
...............#
..##.#......##.#
....#...###.#
#.####.## #.#
#Z####.####.#
#KKK@.........
.....K############
#####


You could see a kobold brigand (ally target), 3 kobolds and a friendly kobold
skeleton.

Vanquished Creatures
  A hound (D:4)
  2 gnolls (D:2)
  An adder (D:3)
  2 worms (D:2)
  A dart slug (D:1)
  2 orcs (D:3)
  6 ball pythons
  An endoplasm (D:2)
  2 giant cockroaches
  4 goblins
  4 hobgoblins
  5 jackals
  6 kobolds
  4 quokkas
  6 bats
  9 frilled lizards
  5 rats
61 creatures vanquished.

Vanquished Creatures (collateral kills)
  An orc (D:3)
  A goblin (D:3)
  A jackal (D:3)
3 creatures vanquished.

Grand Total: 64 creatures vanquished

Notes
Turn   | Place    | Note
-------+----------+-------------------------------------------
     0 | D:5      | jasper the Demonspawn Delver began the quest for the Orb.
     0 | D:5      | Reached XP level 1. HP: 18/18 MP: 1/1
     9 | D:5      | Noticed an iguana
    12 | D:5      | Found an ancient bone altar of Kikubaaqudgha.
    18 | D:5      | Became a worshipper of Kikubaaqudgha
   441 | D:3      | Gained mutation: You have sharp fingernails. [demonic
                  | ancestry]
   441 | D:3      | Reached XP level 2. HP: 24/24 MP: 2/2
   473 | D:2      | Found a faded altar of an unknown god.
   753 | D:2      | Reached skill level 1 in Necromancy
   953 | D:2      | Gained mutation: You have very sharp fingernails. [demonic
                  | ancestry]
   953 | D:2      | Reached XP level 3. HP: 28/29 MP: 3/3
  1125 | D:2      | Reached * piety under Kikubaaqudgha
  1125 | D:2      | Identified Kikubaaqudgha's Volume of Sinister Secrets
                  | (Kikubaaqudgha gifted it to you on level 2 of the Dungeon)
  1125 | D:2      | Received a gift from Kikubaaqudgha
  1140 | D:2      | Learned a level 1 spell: Animate Skeleton
  1798 | D:1      | Reached skill level 1 in Unarmed Combat
  2332 | D:2      | Reached XP level 4. HP: 5/35 MP: 4/4
  2714 | D:3      | Reached ** piety under Kikubaaqudgha
  3082 | D:3      | Found a runed translucent gate.
  3082 | D:3      | Found a runed translucent gate.
  3084 | D:3      | Found a runed translucent gate.
  3084 | D:3      | Noticed Splishie's ghost (amateur GnWn)
  3321 | D:4      | Found a sacrificial altar of Ru.
  3553 | D:4      | Found a shimmering altar of Xom.
  3554 | D:4      | Found a hide-covered altar of Uskayaw.
  3557 | D:4      | Found a hazy altar of Hepliaklqana.
  3557 | D:4      | Found a sparkling altar of Nemelex Xobeh.
  3766 | D:6      | Noticed an ogre
  3955 | D:7      | Noticed a kobold brigand
  3977 | D:7      | Slain by a kobold brigand

Illustrated notes

Levels and vault maps discovered:
D:1:      ncdulo_wetmaze, layout_basic
D:2:      layout_rooms, ebering_ecumenical_altar_webs
D:3:      layout_rooms, gammafunk_ghost_split
D:4:      layout_loops_ring, lemuel_crystal_altar, grunt_temple_overflow_open,
          hangedman_decor_clover_reticule, corexii_item_surrounded_by_moat
D:5:      layout_loops_cross, kiku_gazebo_pond_becter,
          minmay_temple_entry_overgrown
D:6:      layout_loops_ring
D:7:      layout_loops_ring, grunt_temple_overflow_bloody_war,
          overflow_temple_1_default, hex_large

Skill      XL: |  1  2  3  4 |
---------------+-------------+-----
Long Blades    | 2 |  2.0
Dodging        | 2 |  2.7
Necromancy     | 1 |  1.9
Unarmed Combat | 1 2 |  2.0
Fighting       | |  3.5
Stealth        | |  4.5
Spellcasting   | |  0.8

Action                   |  1- 3 |  4- 6 || total
-------------------------+-------+-------++-------
Melee: Falchion          |    19 |       ||    19
       Long sword        |    88 |       ||    88
       Unarmed           |     5 |    91 ||    96
       Punch             |       |     1 ||     1
 Cast: Animate Skeleton  |       |    10 ||    10
  Use: Potion            |     3 |     2 ||     5
       Scroll            |     7 |       ||     7
 Stab: Sleeping          |     9 |     3 ||    12
       Invisible         |     1 |       ||     1
       Held in net/web   |     1 |       ||     1
Armor: Leather armour    |    21 |    14 ||    35
Dodge: Dodged            |    80 |    49 ||   129
Block: Other             |     9 |    25 ||    34
       Rpst.: Falchion   |     3 |       ||     3
       Long sword        |    13 |       ||    13

Table legend: (Time is in decaauts)
 A = Elapsed time spent in this place.
 B = Non-inter-level travel time spent in this place.
 C = Inter-level travel time spent in this place.
 D = Time resting spent in this place.
 E = Time spent auto-exploring this place.
 F = Levels seen in this place.
 G = Mean time per level.
                   A        B        C        D        E       F      G
               +--------+--------+--------+--------+--------+-----+--------+
         Total |   3997 |   3850 |    147 |    987 |   2065 |   7 |  571.0 |
       Dungeon |   3997 |   3850 |    147 |    987 |   2065 |   7 |  571.0 |
               +--------+--------+--------+--------+--------+-----+--------+

Top non-repeatable levels by time:
     D:2: 1374 daAuts
     D:3: 833 daAuts
     D:1: 810 daAuts
     D:4: 663 daAuts
     D:7: 198 daAuts
     D:5: 105 daAuts
     D:6: 10 daAuts
